 Dungeon Crawl Stone Soup version 0.29.1-1-gd02db6906a (webtiles) character file.

Game seed: 17991473825789821319

8 mjkj720 the Poker (level 2, -3/24 HPs)
             Began as a Merfolk Berserker on Oct 6, 2022.
             Was a Follower of Trog.
             Slain by a worm (10 damage)
             ... on level 2 of the Dungeon.
             The game lasted 00:02:19 (232 turns).

mjkj720 the Poker (Merfolk Berserker)                Turns: 232, Time: 00:02:19

Health: -3/24      AC:  2    Str: 17    XL:     2   Next: 8%
Magic:  2/2        EV: 12    Int:  6    God:    Trog [*.....]
Gold:   13         SH:  0    Dex: 13    Spells: 1/1 levels left

rFire   . . .      SeeInvis .   a - +0 spear
rCold   . . .      Faith    .   (no shield)
rNeg    . . .      Spirit   .   b - +0 animal skin
rPois   .          Reflect  .   (helmet restricted)
rElec   .          Harm     .   (no cloak)
rCorr   .          Rampage  .   (no gloves)
Will    .....                   (no boots)
Stlth   +.........              (no amulet)
HPRegen 0.08/turn               (no ring)
MPRegen 0.08/turn               (no ring)

@: no status effects
A: (nimble swimmer 2), mertail, horns 1
a: Renounce Religion, Berserk


You were on level 2 of the Dungeon.
You worshipped Trog.
Trog was aware of your devotion.
You visited 1 branch of the dungeon, and saw 2 of its levels.

You collected 13 gold pieces.

Inventory:

Hand Weapons
 a - a +0 spear (weapon)
Armour
 b - a +0 animal skin (worn)
Scrolls
 c - 2 scrolls of teleportation


   Skills:
 + Level 3.5 Fighting
 + Level 4.3 Polearms
 + Level 1.4 Armour
 + Level 2.8 Dodging


You had one spell level left.
You didn't know any spells.
Your spell library was empty.

Dungeon Overview and Level Annotations

Branches:
Dungeon (1/15)

Altars:


Innate Abilities, Weirdness & Mutations

((You are very nimble when in or above water. (Stealth+, EV+, Speed+++)))
Your lower body shifts to a powerful aquatic tail in water.
You have a pair of small horns on your head.


Message History

The goblin hits you with a +0 dagger.
You have reached level 2!
You hit the goblin.
The goblin is severely wounded.
The goblin barely misses you.
You closely miss the goblin.
The goblin is severely wounded.
The goblin hits you with a +0 dagger.
* * * LOW HITPOINT WARNING * * *
You hit the goblin.
You kill the goblin!
Trog accepts your kill.
You see here a +0 dagger.
You see here an orb of light.
You see here a +0 dagger.
You see here a +0 club.
Unknown command.
You see here a +0 dagger.
You see here a +0 dagger.
You don't know any spells.
Press: ? - help, v - describe, . - travel A rock wall.
You see here an orb of light.
There are no items here.
You see here an orb of light.
You see here an orb of light.
It was a potion of mutation.
You feel extremely strange. A pair of horns grows on your head!
You aren't carrying any potions.
You are already wielding that!
Unknown command.
As you read the scroll labelled FENUWI DECIUSKE, it crumbles to dust.
You feel strangely unstable.
It was a scroll of teleportation.
You see here an orb of light.
You see here an orb of light.
Your surroundings suddenly seem different.
A worm and an adder come into view.
Found a bubbling pink potion.
The worm bites you!
You die...

## .. .####
.... .#.. #
..# ...# ##.
##.## #..#
##...#...#
#..#
#....w@#...S.!
#..#
#....#...####.
#..#
#.#.###.##
#..# # #. .#
##..# # ..
#...# ###
##...# .....#
###.##


You could see a worm.

Vanquished Creatures
  2 goblins (D:2)
  3 hobgoblins
  A ball python (D:1)
  A rat (D:1)
7 creatures vanquished.

Notes
Turn   | Place    | Note
-------+----------+-------------------------------------------
     0 | D:1      | mjkj720 the Merfolk Berserker began the quest for the Orb.
     0 | D:1      | Reached XP level 1. HP: 18/18 MP: 1/1
   174 | D:1      | You fall into a shaft and drop 1 floor!
   205 | D:2      | Reached XP level 2. HP: 8/24 MP: 2/2
   226 | D:2      | Gained mutation: You have a pair of small horns on your
                  | head. [potion of mutation]
   232 | D:2      | Slain by a worm

Illustrated notes

Levels and vault maps discovered:
D:1:      minmay_arrival_checkered_box, layout_basic,
          shapermc_ecumenical_altar_mp_urbaneastern, serial_shops, shop,
          minmay_misc_feat_x
D:2:      layout_loops_ring, basic_altar, serial_shops, shop

Action                   || total
-------------------------++-------
Melee: Spear             ||    20
  Use: Scroll            ||     1
       Potion            ||     1
Armor: Animal skin       ||     2
Dodge: Dodged            ||    15
